 Dungeon Crawl Stone Soup version 0.15-a0-1656-gb4d1502 (webtiles) character file.

106 Nikss the Ruinous (level 4, 0/34 HPs)
             Began as a Draconian Conjurer on June 23, 2014.
             Killed by divine providence
             ... invoked by an orc priest
              (10 damage)
             ... on Level 3 of the Dungeon.
             The game lasted 00:20:31 (2544 turns).

Nikss the Ruinous (Draconian Conjurer)              Turns: 2544, Time: 00:20:31

HP   0/34        AC  6     Str 10      XL: 4   Next: 55%
MP   1/8         EV 12     Int 16      God:
Gold 98          SH  0     Dex 12      Spells:  1 memorised,  6 levels left

rFire  . . .     SeeInvis .     k - +0 dagger
rCold  . . .     Clarity  .     (armour unavailable)
rNeg   . . .     rCorr    .     (no shield)
rPois  .         rRot     .     (helmet restricted)
rElec  .         Spirit   .     m - +0 cloak
SustAb .         Warding  .     (no gloves)
rMut   .         Stasis   .     (no boots)
Gourm  .                        (no amulet)
MR     .....                    (no ring)
                                (no ring)

@: not resistant to hostile enchantments, unstealthy
A: unfitting armour, cold-blooded, AC +5
a: no special abilities


You were on level 3 of the Dungeon.
You were not hungry.

You visited 1 branch of the dungeon, and saw 3 of its levels.

You collected 98 gold pieces.

Inventory:

Hand weapons
 a - a +0 war axe
 e - a +0 whip
 g - a +0 short sword
 h - a +0 club
 k - a +0 dagger (weapon)
 p - a +0 club
 q - a +0 short sword
 s - a -3 dagger
 t - a +0 dagger
 u - a cursed +0 dagger
 w - a +0 dagger
 x - a cursed -2 whip
 y - a cursed -1 dagger
 z - a +0 club
 A - a -2 dagger
 C - a +0 club
Missiles
 j - 57 stones (quivered)
Armour
 m - a +0 cloak (worn)
 B - a +0 ring mail
Magical devices
 v - a wand of magic darts (5) {unknown}
Comestibles
 d - a meat ration
Books
 c - a book of Conjurations

   Spells                             Type                      Level
   *Magic Dart                        Conjuration                  1
   Searing Ray                        Conjuration                  2
   Dazzling Spray                     Conjuration/Hexes            3
   Fulminant Prism                    Conjuration/Hexes            4
   Iskenderun's Mystic Blast          Conjuration                  4
   Iskenderun's Battlesphere          Conjuration/Charms           5


   Skills:
 + Level 0.4 Fighting
 + Level 0.2 Short Blades
 + Level 0.1 Throwing
 + Level 2.7 Dodging
 + Level 1.9 Stealth
 + Level 0.4 Unarmed Combat
 + Level 2.3 Spellcasting
 + Level 5.0 Conjurations


You had 6 spell levels left.
You knew the following spells:

 Your Spells              Type           Power        Failure   Level  Hunger
a - Magic Dart            Conj           ###.         2%          1    #......


Dungeon Overview and Level Annotations

Branches:
Dungeon (3/15)

Altars:
Xom


Innate Abilities, Weirdness & Mutations

Your plain brown scales are hard (AC +5).
Your body does not fit into most forms of armour.
Your cold-blooded metabolism reacts poorly to cold.


Message History

Drink which item? (? for menu, Esc to quit)
You feel better.
Press: ? - help, v - describe, . - travel, g - get item A glowing mace.
The floor.
You hit the orc priest but do no damage.
The orc priest misses you.
You hit the orc priest.
The orc priest is lightly wounded.
The orc priest hits you but does no damage.
You hit the orc priest but do no damage.
The orc priest is lightly wounded.
The orc priest hits you with a club.
* * * LOW HITPOINT WARNING * * *
You hit the orc priest but do no damage.
You tail-slap the orc priest.
The orc priest is lightly wounded.
The orc priest invokes the aid of Beogh against you.
Something smites you!
You die...

## #.# ########.# ##
#.......###.#
#.###..#...# #.#
#.##.<.##. #.#
#@.#...#.# #.#
#o#.###.#
#.###.)..#.####
#..####.#.###...
#.#.###........# .
#.###...........#.#
#.#...#.#.........#
#.##.<.##.........##
##
#...#.#.........#..K


You could see an orc priest.

Vanquished Creatures
  4 adders (D:2)
  3 worms (D:2)
  A giant gecko (D:1)
  2 orcs (D:3)
  7 bats (D:1)
  5 giant cockroaches
  9 goblins
  2 hobgoblins (D:1)
  7 kobolds
  A quokka (D:2)
  2 ball pythons
  A giant newt (D:1)
  2 jackals (D:1)
  8 rats
54 creatures vanquished.

Notes
Turn   | Place    | Note
--------------------------------------------------------------
     0 | D:1      | Nikss, the Draconian Conjurer, began the quest for the Orb.
     0 | D:1      | Reached XP level 1. HP: 14/14 MP: 3/3
    56 | D:1      | Found a shimmering altar of Xom.
   118 | D:1      | Found a shimmering altar of Xom.
   118 | D:1      | Found a shimmering altar of Xom.
   155 | D:1      | Reached XP level 2. HP: 17/20 MP: 1/4
   204 | D:1      | Found a shimmering altar of Xom.
   205 | D:1      | Found a shimmering altar of Xom.
   213 | D:1      | Found a shimmering altar of Xom.
   214 | D:1      | You fall through a shaft!
   992 | D:1      | Reached XP level 3. HP: 26/26 MP: 4/6
  1857 | D:2      | Reached XP level 4. HP: 34/34 MP: 3/7
  2287 | D:2      | Reached skill level 5 in Conjurations
  2539 | D:3      | HP: 1/34 [orc priest/nerve-wracking pain (6)]
  2544 | D:3      | Killed from afar by an orc priest

Action                   |  1- 3 |  4- 6 || total
-------------------------+-------+-------++-------
Melee: Unarmed           |    89 |       ||    89
       Dagger            |       |    17 ||    17
Throw: Stone             |    10 |       ||    10
 Cast: Magic Dart        |    65 |    37 ||   102
  Use: Potion            |     9 |     1 ||    10
       Scroll            |     1 |     5 ||     6
 Stab: Sleeping          |       |     1 ||     1
